 Dungeon Crawl Stone Soup version 0.27-a0-1090-gb115f176c6 (webtiles) character file.

Game seed: 10180865129186230563

5600 Goblin1989 the Cleaver (level 10, -9/92 HPs)
             Began as a Deep Dwarf Fighter on Apr 27, 2021.
             Was a Follower of Makhleb.
             Mangled by a two-headed ogre
             ... wielding a +0 giant club
              (20 damage)
             ... on level 9 of the Dungeon.
             The game lasted 00:15:16 (6353 turns).

Goblin1989 the Cleaver (Deep Dwarf Fighter)         Turns: 6353, Time: 00:15:17

Health: -9/92      AC:  9    Str: 22    XL:     10   Next: 45%
Magic:  0/0        EV:  8    Int: 10    God:    Makhleb [*.....]
Gold:   576        SH: 11    Dex: 12    Spells: 9/9 levels left

rFire    . . .     SeeInvis .   a - +0 war axe
rCold    . . .     Faith    .   c - +0 kite shield
rNeg     . . .     Spirit   .   b - +0 scale mail
rPois    .         Reflect  .   (no helmet)
rElec    .         Harm     .   (no cloak)
rCorr    .         Rampage  .   (no gloves)
Will     ++...                  Q - +0 pair of boots
Stlth    ..........             (no amulet)
HPRegen  0.00/turn              W - ring of willpower
MPRegen  0.07/turn              (no ring)

@: very slightly contaminated
A: damage resistance, heal wounds, sense surroundings 2, no regeneration
a: Heal Wounds, Renounce Religion


You were on level 9 of the Dungeon.
You worshipped Makhleb.
Makhleb was aware of your devotion.
You visited 2 branches of the dungeon, and saw 10 of its levels.
You also visited: Ossuary.

You collected 576 gold pieces.

Inventory:

Hand Weapons
 a - a +0 war axe (weapon)
 G - a +4 scimitar of flaming
Missiles
 Z - 3 throwing nets {!d , @Q1}
Armour
 b - a +0 scale mail (worn)
 c - a +0 kite shield (worn)
 Q - a +0 pair of boots (worn)
Jewellery
 r - an amulet of regeneration
 s - a ring of see invisible
 t - a ring of ice
 W - a ring of willpower (left hand)
Wands
 H - a wand of acid (4) {@v2}
 M - a wand of paralysis (3) {@v7}
 P - a wand of mindburst (24)
Scrolls
 f - a scroll of silence
 h - 2 scrolls of vulnerability
 I - a scroll of amnesia {unknown}
 L - a scroll of fear
 R - 9 scrolls of identify {@r1}
 T - a scroll of teleportation
 U - a scroll of brand weapon {unknown}
 V - 3 scrolls of immolation
 X - a scroll of enchant armour {unknown}
 Y - a scroll of enchant weapon {unknown}
Potions
 g - 3 potions of curing {@q1}
 j - 2 potions of invisibility
 k - 2 potions of flight {unknown}
 l - 2 potions of haste {unknown}
 m - 7 potions of heal wounds {unknown}
 n - 3 potions of mutation {unknown}
 F - a potion of resistance {unknown}
 J - 2 potions of attraction {unknown}
 K - a potion of magic {unknown}
 N - a potion of degeneration {unknown}
 O - a potion of brilliance {unknown}
 S - 3 potions of berserk rage {unknown}


   Skills:
 + Level 6.7 Fighting
 * Level 10.6 Axes
 + Level 7.9 Armour
 + Level 8.1 Shields
 + Level 6.1 Invocations


You had 9 spell levels left.
You didn't know any spells.
Your spell library contained the following spells:

 Spells                   Type           Power      Damage    Failure   Level
 Corona                   Hex            0%         N/A       91%         1
 Foxfire                  Conj/Fire      0%         2x1d4     91%         1
 Freeze                   Ice            0%         1d3       91%         1
 Sting                    Tmut/Pois      0%         1d3       91%         1
 Ensorcelled Hibernation  Hex/Ice        0%         N/A       97%         2
 Confusing Touch          Hex            0%         N/A       100%        3
 Dazzling Flash           Conj/Hex       0%         N/A       100%        3
 Frozen Ramparts          Ice            0%         1d2       100%        3
 Mephitic Cloud           Conj/Pois/Air  0%         N/A       100%        3
 Ozocubu's Armour         Ice            0%         N/A       100%        3
 Tukima's Dance           Hex            0%         N/A       100%        3
 Cause Fear               Hex            0%         N/A       100%        4
 Hailstorm                Conj/Ice       0%         3d3       100%        4
 Summon Lightning Spire   Summ/Air       0%         N/A       100%        4
 Metabolic Englaciation   Hex/Ice        0%         N/A       100%        5
 Dragon Form              Tmut           0%         N/A       100%        7
 Dragon's Call            Summ           0%         N/A       100%        9
 Tornado                  Air            0%         N/A       100%        9


Dungeon Overview and Level Annotations

Branches:
Dungeon (9/15)             Temple (1/1) D:6         Ossuary (visited)
   Lair: D:8-11         Orc: D:9-12

Altars:
Ashenzari
Cheibriados
Dithmenos
Elyvilon
Gozag
Hepliaklqana
Kikubaaqudgha
Makhleb
Nemelex Xobeh
Okawaru
Qazlal
Ru
Trog
Uskayaw
Wu Jian
Xom
Yredelemnul
Zin

Shops:
D:4 =

Annotations:
D:2 1 runed translucent door, Crazy Yiuf
D:4 2 transporters


Innate Abilities, Weirdness & Mutations

You are resistant to damage.
You can heal yourself by infusing magical energy.
You passively map the area around you.
You do not regenerate.


Message History

The centaur closely misses you. You block the centaur's attack.
You slash the centaur!
You kill the centaur!
Makhleb accepts your kill.
You miss the killer bee.
The killer bee buzzes angrily.
You block the killer bee's attack.
A two-headed ogre comes into view. It is wielding two +0 giant clubs.
The killer bee barely misses you.
You barely miss the killer bee.
The two-headed ogre shouts in stereo!
You hear an angry hiss.
The centaur zombie hits you but does no damage.
You block the centaur zombie's attack.
You hit the centaur zombie.
The centaur zombie is lightly damaged.
The two-headed ogre shouts in stereo!
You hit the centaur zombie but do no damage.
The centaur zombie is lightly damaged.
You block the centaur zombie's attack. The centaur zombie kicks you.
The centaur zombie hits you.
The centaur zombie kicks you but does no damage.
You take 1 damage, and have 61/92 hp.
You hit the centaur zombie.
The centaur zombie is lightly damaged.
The two-headed ogre shouts in stereo!
You hear an angry hiss.
You catch the helpless centaur zombie completely off-guard!
You hit the centaur zombie.
The centaur zombie is lightly damaged.
The two-headed ogre shouts in stereo!
You block the centaur zombie's attack. x2
You hit the two-headed ogre but do no damage.
You flicker for a moment.
The two-headed ogre shouts in stereo!
You hear a shout!
You hear an angry hiss.
You hit the two-headed ogre.
The two-headed ogre is lightly wounded.
The two-headed ogre shouts in stereo!
The two-headed ogre barely misses you.
The two-headed ogre hits you with a +0 giant club!
A centaur warrior comes into view.
You take 13 damage, and have 48/92 hp.
You catch the helpless two-headed ogre completely off-guard!
You hit the two-headed ogre.
The two-headed ogre is lightly wounded.
The centaur warrior shouts!
The two-headed ogre closely misses you.
The two-headed ogre hits you with a +0 giant club!
* * * LOW HITPOINT WARNING * * *
You take 10 damage, and have 38/92 hp.
You slash the two-headed ogre!
The two-headed ogre is heavily wounded.
The centaur warrior shouts!
The two-headed ogre hits you with a +0 giant club!
* * * LOW HITPOINT WARNING * * *
You block the two-headed ogre's attack.
You take 16 damage, and have 22/92 hp.
You are too injured to fight recklessly!
You are too injured to fight recklessly!
You are too injured to fight recklessly!
You are too injured to fight recklessly!
You are too injured to fight recklessly!
Your magical essence is drained by the effort!
You feel much better.
You regained 22 hp, and now have 44/92 hp.
You now have 1/1 mp.
Okay, then.
Non-targeted abil: Heal Wounds
Press: ? - help, Q - select action, (/) - cycle Dir - look around, f - activate Your magical essence is drained by the effort!
You feel much better.
You block the two-headed ogre's attack. x2
You regained 25 hp, and now have 69/92 hp.
You now have 0/0 mp.
You don't have enough innate magic capacity.
You don't have enough innate magic capacity.
You hit the two-headed ogre but do no damage.
The two-headed ogre is heavily wounded.
You flicker back into view.
You block the two-headed ogre's attack. x2
You hit the two-headed ogre but do no damage.
The two-headed ogre is heavily wounded.
The two-headed ogre hits you with a +0 giant club!
The two-headed ogre hits you with a +0 giant club.
You take 11 damage, and have 58/92 hp.
You barely miss the two-headed ogre.
The two-headed ogre is heavily wounded.
The two-headed ogre hits you with a +0 giant club!!
You block the two-headed ogre's attack.
You take 16 damage, and have 42/92 hp.
You slash the two-headed ogre!
The two-headed ogre is severely wounded.
You block the two-headed ogre's attack.
The two-headed ogre hits you with a +0 giant club!!
* * * LOW HITPOINT WARNING * * *
You take 16 damage, and have 26/92 hp.
You barely miss the two-headed ogre.
The two-headed ogre is heavily wounded.
The two-headed ogre hits you with a +0 giant club!
* * * LOW HITPOINT WARNING * * *
The two-headed ogre hits you with a +0 giant club!!
You die... ▓ ▓ · ▓ ██........... ▓ ██.......... ·· · ▓ ▓· · █.......... ▓ · █ ▓▓· █.....>...█ ·· ▲ · · ▓· .█ █ ▲.......... ▓ ▓ · · y█. █.......... ▓ · · · · █B█· ▓ █.......███ ▓ ▲███ ██O██

██.██...██ ▓ ··
...█▓██)@.████..███.██
·
....██.)█))██.......█
▓· .
·█..███∆███..██...██ ·
..█ █.........█ ██.██
▓ ....█..█.█..███ █..█
▓ ........██...██ █.██
·
██......██[...████..█
·
█..........█........█
·· ·
...........█...█...██


You could see a boulder beetle, a two-headed ogre and a killer bee.

Vanquished Creatures
  A boulder beetle (D:8)
  Erica (D:8)
  Joseph (D:7)
  A wyvern (D:9)
  3 yaks (D:7)
  Menkaure (D:6)
  4 humans (D:8)
  4 water moccasins
  An orc warrior (D:9)
  A sky beast (D:5)
  A necrophage (D:7)
  3 ice beasts
  An ogre (D:5)
  2 centaurs
  Blork the orc (D:5)
  A bullfrog (D:8)
  A scorpion (D:5)
  2 wyvern skeletons (D:6)
  8 wights (D:8)
  A centaur zombie (D:8)
  A bullfrog zombie (D:6)
  A jelly (D:4)
  A human zombie (Ossuary)
  2 orc priests
  3 centaur skeletons
  2 hounds
  A bullfrog skeleton (D:6)
  A scorpion zombie (D:5)
  3 iguanas
  4 orc wizards
  4 hound zombies (Ossuary)
  4 mummies (Ossuary)
  A howler monkey zombie (D:8)
  A howler monkey skeleton (D:4)
  4 gnolls (D:4)
  3 adders
  A shadow imp (D:7)
  4 white imps
  2 adder zombies (Ossuary)
  4 dart slugs
  19 orcs
  3 bats
  8 endoplasms
  2 giant cockroaches
  A gnoll zombie (Ossuary)
  4 goblins
  4 hobgoblins
  10 jackals
  5 kobolds
  3 quokkas
  6 ball pythons
  2 frilled lizards
  A goblin zombie (Ossuary)
  2 jackal zombies (Ossuary)
  An orc zombie (Ossuary)
  6 rats
163 creatures vanquished.

Vanquished Creatures (others)
  A yak (D:9)
  6 plants (D:4)
7 creatures vanquished.

Grand Total: 170 creatures vanquished

Notes
Turn   | Place    | Note
-------+----------+-------------------------------------------
     0 | D:1      | Goblin1989 the Deep Dwarf Fighter began the quest for the
                  | Orb.
     0 | D:1      | Reached XP level 1. HP: 20/20 MP: 1/1
   244 | D:1      | Found a faded altar of an unknown god.
   251 | D:1      | Reached XP level 2. HP: 20/27 MP: 2/2
   790 | D:1      | Upgraded the game from 0.27-a0-1084-g78b3836a5f to
                  | 0.27-a0-1090-gb115f176c6
  1096 | D:2      | Reached skill level 3 in Axes
  1110 | D:2      | Reached XP level 3. HP: 28/34 MP: 3/3
  1249 | D:2      | Reached XP level 4. HP: 38/42 MP: 4/4
  1752 | D:2      | Found a runed translucent door.
  1753 | D:2      | Noticed Crazy Yiuf
  2476 | D:4      | Reached skill level 4 in Axes
  2489 | D:4      | Reached XP level 5. HP: 31/49 MP: 4/4
  2565 | D:4      | Found Sothrausei's Jewellery Shop.
  2611 | D:4      | Identified the +3 ring mail of Lugonu's Inspiration {Harm
                  | Int+2 Dex-4}
  2611 | D:4      | Identified the +0 kite shield of the Bagpipe {Rampage
                  | Regen+ Str+3}
  2885 | D:4      | Reached XP level 6. HP: 49/57 MP: 4/4
  3030 | D:4      | Found a transporter.
  3111 | D:4      | Found a transporter.
  3159 | D:5      | Entered Level 5 of the Dungeon
  3222 | D:5      | Noticed Blork the orc
  3238 | D:5      | Killed Blork the orc
  3239 | D:5      | Reached skill level 5 in Axes
  3239 | D:5      | Noticed a water moccasin
  3251 | D:5      | Killed a water moccasin
  3252 | D:5      | Reached XP level 7. HP: 28/64 MP: 5/5
  3349 | D:5      | Reached skill level 5 in Armour
  3349 | D:5      | Reached skill level 5 in Shields
  3362 | D:5      | Reached skill level 6 in Axes
  3405 | D:5      | Found a sand-covered staircase.
  3410 | Ossuary  | Entered an ossuary
  3753 | D:5      | Reached XP level 8. HP: 51/73 MP: 4/4
  3758 | D:5      | Reached skill level 7 in Axes
  4351 | D:6      | Found a staircase to the Ecumenical Temple.
  4364 | Temple   | Entered the Ecumenical Temple
  4400 | Temple   | Became a worshipper of Makhleb the Destroyer
  4516 | D:6      | Reached skill level 5 in Fighting
  4544 | D:6      | Found a shadowy altar of Dithmenos.
  4600 | D:6      | Noticed Menkaure
  4616 | D:6      | Killed Menkaure
  4617 | D:6      | Reached skill level 1 in Invocations
  4861 | D:7      | Noticed Joseph
  4888 | D:7      | Killed Joseph
  4889 | D:7      | Reached skill level 8 in Axes
  5102 | D:7      | Gained mutation: You passively map the area around you.
                  | [Deep Dwarf growth]
  5102 | D:7      | Reached XP level 9. HP: 62/80 MP: 7/7
  5231 | D:7      | Identified the Catalogue of Venom and Air
  5402 | D:8      | Reached skill level 9 in Axes
  5496 | D:8      | Reached * piety under Makhleb
  5689 | D:8      | Reached skill level 5 in Invocations
  5829 | D:8      | Noticed Erica
  5850 | D:8      | Killed Erica
  5851 | D:8      | Reached skill level 10 in Axes
  5851 | D:8      | Reached XP level 10. HP: 13/92 MP: 5/7
  6179 | D:9      | Noticed a boulder beetle
  6248 | D:8      | Killed a boulder beetle
  6310 | D:9      | Noticed a boulder beetle
  6337 | D:9      | Noticed a two-headed ogre
  6345 | D:9      | Noticed a centaur warrior
  6353 | D:9      | Mangled by a two-headed ogre

Illustrated notes

Levels and vault maps discovered:
D:1:      minmay_arrival_four_circles, layout_basic,
          chequers_ecumenical_altar_simple_redux
D:2:      layout_basic, minmay_misc_feat_roman, uniq_crazy_yiuf_cottage
D:3:      layout_loops_ring
D:4:      layout_basic, gammafunk_ghost_gnarly_gnolls, serial_shops,
          nicolae_shop_window_shopping
D:5:      layout_loops_ring, nicolae_ossuary_entry_plus, uniq_blork_the_orc
D:6:      layout_cave_pools, old_standard_altar, minmay_temple_entry_offerings,
          uniq_menkaure
D:7:      layout_basic, uniq_joseph
D:8:      layout_basic, minmay_ruffians, uniq_erica
D:9:      minmay_the_grid_octo_tiled_octocenter
          [minmay_the_grid_octo_vomiting_pacman, minmay_the_grid_octo_clover_2,
          minmay_the_grid_octo_concentric, minmay_the_grid_octo_odd_swirl,
          minmay_the_grid_octo_prize_single_spiral,
          minmay_the_grid_square_5x5_dogpile, minmay_the_grid_square_5x5_two,
          minmay_the_grid_square_5x5_inverted_slash,
          minmay_the_grid_square_5x5_shuriken], layout_cave_pools,
          lair_entry_dummy
Temple:   grunt_wide_crystal_templ

Skill      XL: |  1  2  3  4  5  6  7  8  9 10 |
---------------+-------------------------------+-----
Axes           | 3 4 5 6 8 10 | 10.6
Fighting       | 3 4 5 6 |  6.7
Shields        | 4 5 6 7 8 |  8.1
Armour         | 4 5 6 7 |  7.9
Invocations    | 2 5 6 |  6.1

Action                   |  1- 3 |  4- 6 |  7- 9 | 10-12 || total
-------------------------+-------+-------+-------+-------++-------
Melee: War axe           |    85 |   176 |   405 |   104 ||   770
 Abil: Heal Wounds       |     2 |     6 |    31 |    25 ||    64
  Use: Scroll            |       |     7 |     1 |       ||     8
       Potion            |       |     1 |     1 |     1 ||     3
 Stab: Invisible         |       |       |     1 |     8 ||     9
Armor: Scale mail        |    43 |    69 |   148 |    40 ||   300
Dodge: Dodged            |    32 |    73 |   146 |    42 ||   293
Block: Kite shield       |    65 |   118 |   234 |    92 ||   509

Table legend: (Time is in decaauts)
 A = Elapsed time spent in this place.
 B = Non-inter-level travel time spent in this place.
 C = Inter-level travel time spent in this place.
 D = Time resting spent in this place.
 E = Time spent auto-exploring this place.
 F = Levels seen in this place.
 G = Mean time per level.
                   A        B        C        D        E       F      G
               +--------+--------+--------+--------+--------+-----+--------+
         Total |   6618 |   6328 |    290 |      7 |   4572 |  11 |  601.6 |
       Dungeon |   6383 |   6102 |    281 |      7 |   4444 |   9 |  709.2 |
        Temple |     45 |     36 |      9 |      0 |     28 |   1 |   45.0 |
       Ossuary |    188 |    188 |      0 |      0 |    100 |   1 |  188.0 |
               +--------+--------+--------+--------+--------+-----+--------+

Top non-repeatable levels by time:
     D:1: 1101 daAuts
     D:8: 910 daAuts
     D:5: 883 daAuts
     D:2: 771 daAuts
     D:4: 728 daAuts
     D:3: 687 daAuts
     D:7: 613 daAuts
     D:6: 575 daAuts
 Ossuary: 188 daAuts
     D:9: 111 daAuts
  Temple: 45 daAuts
